 Dungeon Crawl Stone Soup version 0.30-a0-54-g2e61a25929 (webtiles) character file.

Game seed: 2428596324272853806

60 Newt the Trooper (level 3, 0/29 HPs)
             Began as a Demonspawn Gladiator on Sept 7, 2022.
             Slain by a gnoll
             ... wielding a +2 flail of venom
              (10 damage)
             ... on level 3 of the Dungeon.
             The game lasted 00:01:32 (2344 turns).

Newt the Trooper (Demonspawn Gladiator)             Turns: 2344, Time: 00:01:33

Health: 0/29       AC:  9    Str: 16    XL:     3   Next: 82%
Magic:  3/3        EV:  7    Int:  9    God:
Gold:   94         SH:  0    Dex: 14    Spells: 2/2 levels left

rFire   + . .      SeeInvis .    a - +1 rapier (flame)
rCold   . . .      Faith    .    (no shield)
rNeg    . . .      Spirit   .    m - +0 chain mail
rPois   .          Reflect  .    c - +0 helmet
rElec   .          Harm     .    (no cloak)
rCorr   .          Rampage  .    (no gloves)
Will    .....                    (no boots)
Stlth   ..........               (no amulet)
HPRegen 0.09/turn                g - ring of protection from fire
MPRegen 0.08/turn                (no ring)

@: no status effects
A: demonic guardian 1
a: no special abilities


You were on level 3 of the Dungeon.
You visited 1 branch of the dungeon, and saw 3 of its levels.

You collected 94 gold pieces.

Inventory:

Hand Weapons
 a - a +1 rapier of flaming (weapon)
Missiles
 d - 3 throwing nets (quivered)
 e - a javelin
Armour
 b - a +0 leather armour
 c - a +0 helmet (worn)
 m - a +0 chain mail (worn)
Jewellery
 g - a ring of protection from fire (left hand)
Scrolls
 k - 2 scrolls of identify {unknown}
 p - a scroll of magic mapping {unknown}
 q - a scroll of summoning {unknown}
 r - a scroll of silence {unknown}
Potions
 f - a potion of degeneration {unknown}
 h - a potion of resistance {unknown}
 i - 3 potions of heal wounds {unknown}
 j - a potion of attraction {unknown}
 l - a potion of curing {unknown}
 n - a potion of flight {unknown}
 o - a potion of brilliance {unknown}


   Skills:
 + Level 3.5 Fighting
 - Level 2.6 Short Blades
 - Level 1.7 Throwing
 - Level 2.6 Dodging
 - Level 2.0 Stealth


You had 2 spell levels left.
You didn't know any spells.
Your spell library contained the following spells:

 Spells                   Type           Power      Damage    Failure   Level
 Sublimation of Blood     Necr           0%         N/A       100%        2
 Portal Projectile        Hex/Tloc       0%         N/A       100%        3
 Tukima's Dance           Hex            0%         N/A       100%        3
 Petrify                  Tmut/Erth      0%         N/A       100%        4
 Blade Hands              Tmut           0%         N/A       100%        5
 Irradiate                Conj/Tmut      0%         3d11      100%        5


Dungeon Overview and Level Annotations

Branches:
Dungeon (3/15)

Altars:


Innate Abilities, Weirdness & Mutations

A weak demonic guardian rushes to your aid.


Message History

You feel sick.
You feel sick.
You feel sick.
You feel sick.
You are no longer poisoned.
HP restored.
You see here an adder corpse.
A quokka comes into view.
Found a stone staircase leading up.
A quokka is nearby!
A quokka is nearby!
A gnoll and an endoplasm come into view.
The endoplasm quivers.
You hit the quokka. You burn the quokka.
The quokka is severely wounded.
The quokka bites you but does no damage.
The quokka bites you.
You hit the quokka. You burn the quokka.
You kill the quokka!
A gnoll comes into view. It is wielding a +2 flail of venom.
The endoplasm freezes you.
You are frozen.
The gnoll moves out of view.
You hit the endoplasm. You burn the endoplasm.
You kill the endoplasm!
The gnoll hits you from afar with a +0 halberd.
The gnoll hits you with a +0 halberd.
You hit the gnoll. You burn the gnoll.
The gnoll is lightly wounded.
The gnoll barely misses you.
You hit the gnoll. You burn the gnoll.
The gnoll is almost dead.
The gnoll hits you with a +0 halberd.
You are too injured to fight recklessly!
You are too injured to fight recklessly!
There are monsters nearby!
Unknown command.
You barely miss the gnoll.
The gnoll is almost dead.
The gnoll hits you with a +2 flail of venom!
You die...

##
...####
.....
.<.##
#gg#
#@###
#...#
###.#
#.##
#..#
##†#
#.##
#<.#
##...#


You could see 2 gnolls.

Vanquished Creatures
  2 adders
  4 ball pythons
  5 bats
  4 endoplasms
  A hobgoblin (D:2)
  A quokka (D:3)
  3 frilled lizards
  8 goblins
  5 kobolds
  7 rats
40 creatures vanquished.

Vanquished Creatures (collateral kills)
  A worm (D:2)
1 creature vanquished.

Grand Total: 41 creatures vanquished

Notes
Turn   | Place    | Note
-------+----------+-------------------------------------------
     0 | D:1      | Newt the Demonspawn Gladiator began the quest for the Orb.
     0 | D:1      | Reached XP level 1. HP: 16/16 MP: 1/1
   119 | D:1      | Reached skill level 1 in Stealth
   350 | D:1      | Gained mutation: A weak demonic guardian rushes to your
                  | aid. [demonic ancestry]
   350 | D:1      | Reached XP level 2. HP: 11/22 MP: 2/2
   643 | D:1      | Found a faded altar of an unknown god.
  1580 | D:2      | Reached XP level 3. HP: 28/28 MP: 3/3
  1919 | D:2      | Reached skill level 3 in Fighting
  2344 | D:3      | Slain by a gnoll

Illustrated notes

Levels and vault maps discovered:
D:1:      minmay_arrival_widening_spiral_wide, layout_loops_ring,
          ebering_ecumenical_altar_ruins
D:2:      layout_basic
D:3:      layout_rooms

Skill      XL: |  1  2  3 |
---------------+----------+-----
Stealth        | 1 2 |  2.0
Fighting       | 3 |  3.5
Short Blades   | |  2.6
Throwing       | |  1.7
Dodging        | |  2.6

Action                   || total
-------------------------++-------
Melee: Rapier            ||   109
       Punch             ||     1
Throw: Javelin           ||     1
       Throwing net      ||     1
  Use: Scroll            ||     4
 Stab: Held in net/web   ||     1
       Sleeping          ||     4
Armor: Leather armour    ||    26
       Chain mail        ||     6
Dodge: Dodged            ||    90

Table legend: (Time is in decaauts)
 A = Elapsed time spent in this place.
 B = Non-inter-level travel time spent in this place.
 C = Inter-level travel time spent in this place.
 D = Time resting spent in this place.
 E = Time spent auto-exploring this place.
 F = Levels seen in this place.
 G = Mean time per level.
                   A        B        C        D        E       F      G
               +--------+--------+--------+--------+--------+-----+--------+
         Total |   2351 |   2233 |    118 |      0 |   1947 |   3 |  783.7 |
       Dungeon |   2351 |   2233 |    118 |      0 |   1947 |   3 |  783.7 |
               +--------+--------+--------+--------+--------+-----+--------+

Top non-repeatable levels by time:
     D:1: 1194 daAuts
     D:2: 1041 daAuts
     D:3: 115 daAuts
